 Dungeon Crawl Stone Soup version 0.30-a0-802-gb92711b (webtiles) character file.

Game seed: 4089098647307815975

1515 malesh the Cudgeller (level 8, -1/42 HPs)
             Began as a Vine Stalker Fighter on Feb 23, 2023.
             Slain by a gnoll bouda
             ... wielding a +0 whip
              (7 damage)
             ... on level 6 of the Dungeon.
             The game lasted 00:18:05 (5456 turns).

malesh the Cudgeller (Vine Stalker Fighter)         Turns: 5456, Time: 00:18:06

Health: -1/42      AC:  7    Str: 22    XL:     8   Next: 83%
Magic:  0/9        EV: 10    Int:  8    God:
Gold:   235        SH:  5    Dex: 13    Spells: 7/7 levels left

rFire   . . .      SeeInvis .    a - +1 flail (drain)
rCold   . . .      Faith    .    c - +0 buckler
rNeg    . . .      Spirit   +    b - +0 scale mail
rPois   .          Reflect  .    (no helmet)
rElec   .          Harm     .    (no cloak)
rCorr   .          Rampage  .    (no gloves)
Will    +....                    (no boots) Stlth
                                 l - amulet of the acrobat
HPRegen 1.07/turn                (no ring)
MPRegen 0.11/turn                (no ring)

@: weakened
A: fangs 3, regeneration 1, magic shield, antimagic bite, no potion heal 2
a: no special abilities


You were on level 6 of the Dungeon.
You visited 2 branches of the dungeon, and saw 7 of its levels.

You collected 235 gold pieces.

Inventory:

Hand Weapons
 a - a +1 flail of draining (weapon)
 i - a +0 flail of holy wrath
Armour
 b - a +0 scale mail (worn)
 c - a +0 buckler (worn)
 j - a +1 leather armour of cold resistance
Jewellery
 l - an amulet of the acrobat (around neck)
Wands
 p - a wand of flame (9)
Scrolls
 d - a scroll of teleportation
 e - a scroll of enchant armour
 f - a scroll of fog
Potions
 g - a potion of attraction {unknown}
 h - 3 potions of brilliance
 k - 2 potions of mutation {unknown}
 m - a potion of curing
 n - a potion of degeneration {unknown}
 o - 3 potions of heal wounds {unknown}


   Skills:
 + Level 4.5 Fighting
 + Level 6.3 Maces & Flails
 + Level 0.2 Throwing
 + Level 5.0 Armour
 + Level 2.6 Dodging
 + Level 4.0 Shields


You had 7 spell levels left.
You didn't know any spells.
Your spell library contained the following spells:

 Spells                   Type           Power      Damage    Failure   Level
 Ozocubu's Armour         Ice            0%         N/A       99%         3
 Metabolic Englaciation   Hex/Ice        0%         N/A       100%        5
 Simulacrum               Ice/Necr       0%         N/A       100%        6


Dungeon Overview and Level Annotations

Branches:
Dungeon (6/15)             Temple (1/1) D:4

Altars:
Fedhas
Hepliaklqana
Kikubaaqudgha
Makhleb
Okawaru
Vehumet
Xom
Yredelemnul
Zin
The Shining One

Annotations:
D:5 1 runed translucent door, heathens's ghost, novice MiBe


Innate Abilities, Weirdness & Mutations

You have razor-sharp teeth.
Your natural rate of healing is unusually fast.
When hurt, damage is shared between your health and your magic reserves.
Your bite disrupts and absorbs the magic of your enemies.
Potions cannot restore your health.


Message History

You closely miss the gnoll bouda.
You bite the gnoll bouda, but do no damage.
The gnoll bouda is moderately wounded.
The hound bites you but does no damage. You block the gnoll bouda's attack.
The hound bites you but does no damage.
You hit the gnoll bouda. Your bite misses the gnoll bouda.
The gnoll bouda is moderately wounded.
The gnoll bouda hits you with a +0 whip.
* * * LOW HITPOINT WARNING * * *
The hound bites you.
* * * LOW HITPOINT WARNING * * *
The gnoll bouda hits you with a +0 whip.
* * * LOW HITPOINT WARNING * * *
You hit the hound. You drain the hound. You bite the hound.
You drain its power.
You feel invigorated.
The hound is severely wounded.
You block the hound's attack. The hound completely misses you.
The gnoll bouda hits you with a +0 whip.
* * * LOW HITPOINT WARNING * * *
Okay, then.
Unknown command.
Unknown command.
The hound attacks as you move away! The hound bites you but does no damage.
The gnoll bouda attacks as you move away!
The gnoll bouda hits you with a +0 whip.
* * * LOW HITPOINT WARNING * * *
The hound completely misses you.
You hit the hound but do no damage. Your bite misses the hound.
The hound is severely wounded.
The hound closely misses you. The hound barely misses you.
The gnoll bouda gazes fiercely through you!
You feel as though you will be weak longer.
You hit the hound but do no damage. You drain the hound.
The hound is severely wounded.
The hound bites you but does no damage. The hound closely misses you.
You miss the hound. Your bite misses the hound.
The hound is severely wounded.
The hound bites you but does no damage.
The gnoll bouda hits you with a +0 whip!
You die... ... .P♣ ♣P.... .. .PPP.PP.P

P.... .♣.. ..PP.PP.# P..#
...... .P..♣..P# #P..#
..♣... ....:...##
##P..####......
........###PP....#.......
#.#.))..PPP..##.........
#...).hg............♣...
###.###@...####.........
.. ###### #......... ...
##........ ... ##.......
~~ #....... ~ #.......
#....... ###.......
##.#.......


You could see a gnoll bouda and a hound (very drained).

Vanquished Creatures
  Eustachio (D:4)
  Menkaure (D:5)
  Edmund (D:5)
  2 water moccasins
  A black bear (D:6)
  A phantom (D:4)
  3 scorpions
  A bullfrog (D:5)
  A howler monkey (D:5)
  A hound (D:4)
  2 orc priests
  2 iguanas
  3 orc wizards
  Robin (D:4)
  14 gnolls
  5 adders
  2 shadow imps (D:6)
  A white imp (D:6)
  2 worms (D:3)
  4 dart slugs
  10 orcs
  7 ball pythons
  6 bats
  8 endoplasms
  4 giant cockroaches
  16 goblins
  11 hobgoblins
  7 jackals (D:1)
  7 kobolds
  4 quokkas
  4 frilled lizards
  7 rats
140 creatures vanquished.

Vanquished Creatures (others)
  A demonic plant (D:2)
  A plant (D:5)
2 creatures vanquished.

Grand Total: 142 creatures vanquished

Notes
Turn   | Place    | Note
-------+----------+-------------------------------------------
     0 | D:1      | malesh the Vine Stalker Fighter began the quest for the
                  | Orb.
     0 | D:1      | Reached XP level 1. HP: 11/11 MP: 2/2
   104 | D:1      | Reached XP level 2. HP: 4/16 MP: 1/3
   302 | D:1      | Reached skill level 2 in Maces & Flails
   445 | D:1      | Reached XP level 3. HP: 19/19 MP: 4/4
  1176 | D:2      | Gained mutation: Your natural rate of healing is unusually
                  | fast. [Vine Stalker growth]
  1176 | D:2      | Reached XP level 4. HP: 11/24 MP: 5/5
  1196 | D:2      | Found a hazy altar of Hepliaklqana.
  1399 | D:2      | Found a faded altar of an unknown god.
  1399 | D:2      | Noticed a reaper
  1496 | D:2      | Reached skill level 3 in Maces & Flails
  1643 | D:3      | Reached XP level 5. HP: 28/28 MP: 6/6
  1936 | D:3      | Found a faded altar of an unknown god.
  1947 | D:3      | Found a basalt altar of Yredelemnul.
  2191 | D:3      | Found a radiant altar of Vehumet.
  2719 | D:4      | Noticed a phantom
  2734 | D:4      | Killed a phantom
  2735 | D:4      | Reached skill level 4 in Maces & Flails
  2735 | D:4      | Reached XP level 6. HP: 32/32 MP: 5/7
  2994 | D:4      | Noticed Robin
  3075 | D:3      | Reached skill level 1 in Dodging
  3122 | D:4      | Killed Robin
  3755 | D:4      | Found a staircase to the Ecumenical Temple.
  3781 | Temple   | Entered the Ecumenical Temple
  4159 | D:5      | Entered Level 5 of the Dungeon
  4187 | D:5      | Reached XP level 7. HP: 36/36 MP: 8/8
  4191 | D:5      | Noticed Edmund
  4246 | D:5      | Noticed Eustachio
  4247 | D:5      | Noticed Menkaure
  4265 | D:4      | Killed Eustachio
  4266 | D:4      | Reached skill level 5 in Maces & Flails
  4532 | D:5      | Killed Edmund
  4651 | D:5      | Gained mutation: You have razor-sharp teeth. [Vine Stalker
                  | growth]
  4651 | D:5      | Reached XP level 8. HP: 28/42 MP: 4/9
  4915 | D:5      | Killed Menkaure
  4939 | D:5      | Found a runed translucent door.
  5178 | D:5      | Noticed heathens's ghost (novice MiBe)
  5363 | D:6      | Reached skill level 6 in Maces & Flails
  5374 | D:6      | Reached skill level 5 in Armour
  5451 | D:6      | HP: 2/42 [gnoll bouda/+0 whip (4)]
  5456 | D:6      | Slain by a gnoll bouda

Illustrated notes

Levels and vault maps discovered:
D:1:      saegor_arrival_simple_e, layout_basic
D:2:      layout_rooms, basic_altar, dreamdust_ecumenical_altar_sealed_demon
D:3:      layout_basic, vehumet_crystals, nicolae_overflow_ecumenical_swirl
D:4:      layout_layer_cave, minmay_temple_entry_nine_rooms, uniq_robin
D:5:      layout_rooms, ebering_ghost_reflecting_pool, serial_bayou_pond_d,
          uniq_edmund, uniq_menkaure, uniq_eustachio
D:6:      cheibrodos_fzero, layout_cave_pods, serial_park,
          serial_park_tiny_pond, serial_park_square2, serial_park_square1
          [serial_park_minivault_5x5_8], serial_park_avenue1, serial_park_gazebo
          [serial_park_minivault_5x5_8], sigmund_army
Temple:   nicolae_temple_godpark

Skill      XL: |  1  2  3  4  5  6  7  8 |
---------------+-------------------------+-----
Maces & Flails | 2 3 4 5 6 |  6.3
Shields        | 3 4 |  4.0
Fighting       | 3 4 |  4.5
Armour         | 3 4 5 |  5.0
Dodging        | 1 2 |  2.6
Throwing       | |  0.2

Action                     |  1- 3 |  4- 6 |  7- 9 || total
---------------------------+-------+-------+-------++-------
  Melee: Flail             |    93 |   201 |   154 ||   448
         Bite              |    14 |    46 |    39 ||    99
  Throw: Throwing net      |       |       |     2 ||     2
    Use: Potion            |     1 |     2 |       ||     3
         Scroll            |       |     6 |     3 ||     9
 Armour: Scale mail        |    45 |    94 |    75 ||   214
  Dodge: Dodged            |    42 |   117 |    61 ||   220
  Block: Buckler           |    19 |    45 |    37 ||   101

Table legend: (Time is in decaauts)
 A = Elapsed time spent in this place.
 B = Non-inter-level travel time spent in this place.
 C = Inter-level travel time spent in this place.
 D = Time resting spent in this place.
 E = Time spent auto-exploring this place.
 F = Levels seen in this place.
 G = Mean time per level.
                   A        B        C        D        E       F      G
               +--------+--------+--------+--------+--------+-----+--------+
         Total |   5589 |   5265 |    324 |    542 |   3513 |   7 |  798.4 |
       Dungeon |   5419 |   5126 |    293 |    542 |   3385 |   6 |  903.2 |
        Temple |    170 |    139 |     31 |      0 |    128 |   1 |  170.0 |
               +--------+--------+--------+--------+--------+-----+--------+

Top non-repeatable levels by time:
     D:4: 1474 daAuts
     D:1: 1205 daAuts
     D:3: 1086 daAuts
     D:5: 936 daAuts
     D:2: 487 daAuts
     D:6: 228 daAuts
  Temple: 170 daAuts
